 Dungeon Crawl Stone Soup version 0.16.1-18-g436b03c (webtiles) character file.

173 Floorman the Cudgeler (level 5, 0/46 HPs)
             Began as a Minotaur Berserker on May 8, 2015.
             Was a Priest of Trog.
             Slain by a scorpion (1 damage)
             ... on level 5 of the Dungeon.
             The game lasted 00:23:49 (2646 turns).

Floorman the Cudgeler (Minotaur Berserker)          Turns: 2646, Time: 00:23:50

Health: 0/46       AC: 10    Str: 23    XL:     5   Next: 28%
Magic:  2/2        EV: 11    Int:  4    God:    Trog [***...]
Gold:   119        SH:  0    Dex:  9    Spells: 0 memorised, 4 levels left

rFire  . . .     SeeInvis .     a - +0 mace
rCold  + . .     Clarity  .     f - +2 ring mail {rC+}
rNeg   . . .     SustAb   .     (no shield)
rPois  .         Gourm    .     (helmet restricted)
rElec  .         Spirit   .     (no cloak)
rCorr  .         Warding  .     (no gloves)
rMut   .         Stasis   .     g - +2 pair of boots {Stlth+}
MR     .....                    (no amulet)
Stlth  +.........               (no ring)
                                (no ring)

@: heavily drained, not resistant to hostile enchantments, very unstealthy
A: retaliatory headbutt, horns 2
a: Burn Spellbooks, Berserk, Trog's Hand, Renounce Religion


You were on level 5 of the Dungeon.
You worshipped Trog.
Trog was most pleased with you.
You were not hungry.

You visited 1 branch of the dungeon, and saw 5 of its levels.

You collected 119 gold pieces.

Inventory:

Hand weapons
 a - a +0 mace (weapon)
 i - a +0 dagger
 m - a +0 hand axe of flaming
 p - a +0 hand axe
 t - a +0 hand axe
 w - a +0 mace
Missiles
 d - 16 stones
 l - 20 tomahawks (quivered)
Armour
 b - a +0 animal skin
 f - a +2 ring mail of cold resistance (worn)
 g - a +2 pair of boots of stealth (worn)
 j - a +0 robe
 u - a +0 ring mail
Magical devices
 q - a wand of teleportation (2)
 s - a wand of enslavement (13)
Potions
 e - a potion of invisibility {unknown}
 k - 3 potions of haste {unknown}
 o - 2 potions of might {unknown}
 r - a potion of brilliance {unknown}
 v - a potion of restore abilities {unknown}
 z - a potion of mutation {unknown}
Comestibles
 c - 3 bread rations
 h - 2 fruits
 n - 2 beef jerkies
 x - a meat ration


   Skills:
 + Level 4.3(3.1) Fighting
 + Level 5.1(3.9) Maces & Flails
 + Level 3.8(2.7) Armour
 + Level 3.6(2.5) Dodging
 + Level 0.3(0.0) Stealth


You had 4 spell levels left.
You didn't know any spells.

Dungeon Overview and Level Annotations

Branches:
Dungeon (6/15)
 Temple: D:4-7

Altars:
Elyvilon
Trog
Xom
Zin
The Shining One


Innate Abilities, Weirdness & Mutations

You reflexively headbutt those who attack you in melee.
You have a pair of horns on your head.


Message History

Found 15 sling bullets.
The ball python closely misses you. x2
There is a stone staircase leading up here.
The orc barely misses you. The ball python barely misses you.
You furiously retaliate!
You headbutt the ball python, but do no damage.
The ball python grabs you.
You stop ascending the stairs.
The ball python constricts you.
Unknown command.
You completely miss the ball python. You headbutt the ball python.
You kill the ball python!
Trog accepts your kill. Something hits you but does no damage.
The orc hits you but does no damage. Something hits you.
* * * LOW HITPOINT WARNING * * *
The orc hits you but does no damage.
You climb upwards.
A scorpion and a zombie come into view.
The scorpion stings you.
You die...

... ...#..
.....##
...#..
#....##
#####.....
##.......##
#.........#
#.....@s..#
##.......##
######Z##
.# .. #.#
.# ##


You could see a scorpion and a killer bee zombie (dormant).

Vanquished Creatures
  A gnoll shaman (D:5)
  Terence (D:2)
  4 adders
  2 gnolls (D:5)
  2 worms
  3 giant geckos
  An ooze (D:1)
  3 orcs (D:3)
  8 goblins
  6 hobgoblins
  2 jackals (D:3)
  2 quokkas (D:2)
  A ball python (D:6)
  10 bats
  A giant cockroach (D:2)
  5 giant newts
  5 kobolds
  10 rats
67 creatures vanquished.

Notes
Turn   | Place    | Note
--------------------------------------------------------------
     0 | D:1      | Floorman, the Minotaur Berserker, began the quest for the Orb.
     0 | D:1      | Reached XP level 1. HP: 19/19 MP: 1/1
   411 | D:1      | Reached XP level 2. HP: 27/27 MP: 1/1
   451 | D:1      | Reached skill level 4 in Maces & Flails
   489 | D:1      | Acquired Trog's second power
  1478 | D:3      | Found a shimmering altar of Xom.
  1478 | D:3      | Found a glowing golden altar of the Shining One.
  1478 | D:3      | Found a bloodstained altar of Trog.
  1478 | D:3      | Found a glowing silver altar of Zin.
  1555 | D:2      | Reached XP level 3. HP: 31/33 MP: 2/2
  1786 | D:2      | Found a white marble altar of Elyvilon.
  1878 | D:2      | Noticed Terence
  1898 | D:2      | Killed Terence
  2066 | D:2      | Reached XP level 4. HP: 35/40 MP: 2/2
  2377 | D:3      | Reached skill level 5 in Maces & Flails
  2568 | D:3      | You fall through a shaft for 2 floors!
  2568 | D:5      | Entered Level 5 of the Dungeon
  2584 | D:5      | Found a bloodstained altar of Trog.
  2588 | D:5      | Reached XP level 5. HP: 46/46 MP: 2/2
  2627 | D:6      | HP: 2/46 [orc (1)]
  2632 | D:6      | HP: 1/46 [orc wizard/dagger (2)]
  2645 | D:6      | HP: 1/46 [something (2)]
  2646 | D:5      | Slain by a scorpion

Action                   |  1- 3 |  4- 6 || total
-------------------------+-------+-------++-------
Melee: Mace              |    92 |    53 ||   145
Throw: Stone             |     3 |       ||     3
       Tomahawk          |     4 |    11 ||    15
Evoke: Wand              |       |     1 ||     1
  Use: Scroll            |     3 |       ||     3
  Eat: Bread ration      |     1 |       ||     1
       Meat ration       |     1 |       ||     1
